 Dungeon Crawl Stone Soup version 0.29-a0-1065-g47a6bb87d6 (webtiles) character file.

Game seed: 16109615010755555117

847 siradein the Grave Robber (level 7, -5/47 HPs)
             Began as a Demonspawn Necromancer on Aug 18, 2022.
             Succumbed to a hornet's poison
             ... on level 5 of the Dungeon.
             The game lasted 00:20:35 (6601 turns).

siradein the Grave Robber (Demonspawn Necromancer)  Turns: 6601, Time: 00:20:36

Health: -5/47      AC:  9    Str:  9    XL:     7   Next: 68%
Magic:  10/14      EV: 11    Int: 18    God:
Gold:   335        SH:  4    Dex: 13    Spells: 11/16 levels left

rFire   . . .      SeeInvis .   p - +1 dire flail
rCold   . . .      Faith    .   (shield currently unavailable)
rNeg    . . .      Spirit   .   s - +0 leather armour
rPois   .          Reflect  .   (helmet restricted)
rElec   .          Harm     .   (no cloak)
rCorr   .          Rampage  .   q - +0 pair of gloves
Will    .....                   (no boots)
Stlth   ++........              (no amulet)
HPRegen 0.15/turn               u - ring of wizardry
MPRegen 0.14/turn               (no ring)

@: lethally poisoned (-5 -> -27), slowed, very slow
A: antennae 1, rugged brown scales 1, demonic guardian 1, icemail 1,
condensation shield
a: no special abilities


You were on level 5 of the Dungeon.
You visited 2 branches of the dungeon, and saw 6 of its levels.
You also visited: Sewer.

You collected 335 gold pieces.

Inventory:

Hand Weapons
 p - a +1 dire flail (weapon)
Missiles
 m - 4 curare-tipped darts
Armour
 q - a +0 pair of gloves (worn)
 s - a +0 leather armour (worn)
Jewellery
 u - a ring of wizardry (left hand)
Wands
 o - a wand of charming (12)
 t - a wand of iceblast (6)
Scrolls
 f - a scroll of enchant weapon
 g - 2 scrolls of magic mapping
 j - a scroll of amnesia {unknown}
 k - 2 scrolls of butterflies {unknown}
 l - a scroll of teleportation {unknown}
 n - 2 scrolls of poison {unknown}
 x - a scroll of vulnerability {unknown}
Potions
 a - 3 potions of curing
 b - a potion of magic
 c - a potion of haste {unknown}
 d - 4 potions of heal wounds
 e - 3 potions of berserk rage
 h - 2 potions of might {unknown}
 r - a potion of attraction {unknown}
 w - a potion of brilliance {unknown}


   Skills:
 + Level 4.3 Maces & Flails
 - Level 1.7 Dodging
 - Level 1.7 Stealth
 + Level 5.0 Spellcasting
 + Level 7.1 Necromancy


You had 11 spell levels left.
You knew the following spells:

 Your Spells              Type           Power      Damage    Failure   Level
a - Necrotise             Necr           100%       1d9       1%          1
b - Animate Dead          Necr           30%        N/A       4%          4

Your spell library contained the following spells:

 Spells                   Type           Power      Damage    Failure   Level
 Vampiric Draining        Necr           30%        2d8       1%          3
 Agony                    Necr           30%        N/A       12%         5


Dungeon Overview and Level Annotations

Branches:
Dungeon (5/15)             Temple (1/1) D:4           Sewer (visited)

Altars:
Ashenzari
Cheibriados
Dithmenos
Fedhas
Gozag
Hepliaklqana
Makhleb
Nemelex Xobeh
Okawaru
Qazlal
Ru
Trog
Uskayaw
Wu Jian
Xom
Yredelemnul


Innate Abilities, Weirdness & Mutations

You have a pair of small antennae on your head.
You are partially covered in rugged brown scales. (AC +1, +3% HP)
A weak demonic guardian rushes to your aid.
A meltable icy envelope protects you from harm. (AC +4)
A meltable shield of frost defends you. (SH +4)


Message History

* * * LOW HITPOINT WARNING * * *
You feel yourself slow down. The hornet barely misses you.
Your gnoll zombie closely misses the hornet.
Casting: Necrotise (safe; 1% risk of failure)
Confirm with . or Enter, or press ? or * to list all spells.
Aiming: Necrotise (safe; 1% risk of failure)
Press: ? - help, Shift-Dir - straight line, f/p - hornet
Aim: a hornet (heavily wounded, ally target, chance to affect: 77%)
The hornet writhes in agony!
The hornet closely misses you. The hornet stings you.
* * * LOW HITPOINT WARNING * * *
You are lethally poisoned!
You feel as though you will be slow longer.
Your gnoll zombie barely misses the hornet.
Casting: Necrotise (safe; 1% risk of failure)
Confirm with . or Enter, or press ? or * to list all spells.
Aiming: Necrotise (safe; 1% risk of failure)
Press: ? - help, Shift-Dir - straight line, f/p - hornet
Aim: a hornet (almost dead, ally target, chance to affect: 77%)
The hornet writhes in agony.
* * * LOW HITPOINT WARNING * * *
You feel very sick. The hornet stings you!
* * * LOW HITPOINT WARNING * * *
A demonic guardian appears!
You are more poisoned.
You feel as though you will be slow longer.
The hornet stings you but does no damage.
Your gnoll zombie misses the hornet.
The hornet stings you but does no damage.
Your gnoll zombie hits the hornet but does no damage.
Unknown command.
Casting: Necrotise (safe; 1% risk of failure)
Confirm with . or Enter, or press ? or * to list all spells.
Aiming: Necrotise (safe; 1% risk of failure)
Press: ? - help, Shift-Dir - straight line, f/p - hornet
Aim: a hornet (almost dead, ally target, chance to affect: 77%)
The hornet writhes in agony.
You kill the hornet!
You die...

#.# #..#
##.## #.#
#..# #<#
#.# #..#
#.# #.#
#..# #.#
#.# #..#
#.# .#
########..#
#.#
#.........#
#.#
#...####Z##
#.# . #5†@#
#.#
........##
.....#..#
..[# #..#
## #..#
#..# ....
##.#


You could see a friendly quasit (summoned) and a friendly gnoll zombie.

Vanquished Creatures
  A hornet (D:5)
  Pargi (Sewer)
  A phantom (D:2)
  A kobold brigand (D:5)
  2 scorpions (D:4)
  2 hounds
  A jelly (D:4)
  Ijyb (D:3)
  Terence (D:3)
  Jessica (D:3)
  An iguana (D:5)
  An orc wizard (D:4)
  Robin (D:2)
  10 adders
  3 gnolls (D:5)
  An ufetubus (D:3)
  A worm (D:4)
  A dart slug (D:4)
  11 orcs (D:4)
  4 ball pythons
  9 endoplasms
  3 giant cockroaches
  14 goblins
  7 hobgoblins
  2 jackals (D:2)
  A quokka (D:4)
  11 bats
  11 frilled lizards
  5 kobolds
  5 rats
114 creatures vanquished.

Vanquished Creatures (collateral kills)
  An orc priest (D:4)
  A worm (D:3)
  A bat (Sewer)
  A frilled lizard (D:3)
  A rat (D:1)
5 creatures vanquished.

Vanquished Creatures (others)
  An endoplasm zombie (D:4)
  An orc zombie (D:4)
  A plant (D:4)
3 creatures vanquished.

Grand Total: 122 creatures vanquished

Notes
Turn   | Place    | Note
-------+----------+-------------------------------------------
     0 | D:1      | siradein the Demonspawn Necromancer began the quest for the
                  | Orb.
     0 | D:1      | Reached XP level 1. HP: 13/13 MP: 3/3
   207 | D:1      | Found a faded altar of an unknown god.
   449 | D:1      | Gained mutation: A meltable shield of frost defends you.
                  | (SH +4) [demonic ancestry]
   449 | D:1      | Reached XP level 2. HP: 19/19 MP: 0/5
  1042 | D:1      | Reached skill level 1 in Maces & Flails
  1473 | D:2      | Gained mutation: You have a pair of small antennae on your
                  | head. [demonic ancestry]
  1473 | D:2      | Reached XP level 3. HP: 24/24 MP: 2/6
  1757 | D:2      | Reached skill level 5 in Necromancy
  1866 | D:2      | Noticed Robin
  1990 | D:2      | Killed Robin
  1991 | D:2      | Gained mutation: A meltable icy envelope protects you from
                  | harm. (AC +4) [demonic ancestry]
  1991 | D:2      | Reached XP level 4. HP: 2/30 MP: 0/8
  3069 | D:3      | Noticed Jessica
  3073 | D:3      | Killed Jessica
  3074 | D:3      | Gained mutation: A weak demonic guardian rushes to your
                  | aid. [demonic ancestry]
  3074 | D:3      | Reached XP level 5. HP: 35/35 MP: 6/9
  3339 | D:3      | Noticed Ijyb
  3362 | D:3      | Killed Ijyb
  3375 | D:3      | Noticed a phantom
  3611 | D:2      | Killed a phantom
  4092 | D:3      | Found a burning altar of Makhleb.
  4098 | D:3      | Found a stormy altar of Qazlal.
  4101 | D:3      | Found a snail-covered altar of Cheibriados.
  4108 | D:3      | Found a bloodstained altar of Trog.
  4179 | D:3      | Noticed Terence
  4189 | D:3      | Killed Terence
  4190 | D:3      | Gained mutation: You are partially covered in rugged brown
                  | scales. (AC +1, +3% HP) [demonic ancestry]
  4190 | D:3      | Reached XP level 6. HP: 35/42 MP: 5/11
  4247 | D:3      | Identified the +1 hat of Impressiveness {rCorr Str+9 Int+5
                  | Slay-4}
  4253 | D:3      | Learned a level 4 spell: Animate Dead
  4492 | D:4      | Reached skill level 6 in Necromancy
  5030 | D:4      | Found a glowing drain.
  5039 | Sewer    | Entered a sewer
  5128 | Sewer    | Noticed Pargi
  5139 | Sewer    | Killed Pargi
  5140 | Sewer    | Reached XP level 7. HP: 42/47 MP: 3/13
  5764 | D:4      | Found a staircase to the Ecumenical Temple.
  6014 | Temple   | Entered the Ecumenical Temple
  6165 | D:5      | Entered Level 5 of the Dungeon
  6355 | D:5      | Found an ornate altar of the Wu Jian Council.
  6363 | D:5      | Reached skill level 7 in Necromancy
  6568 | D:5      | Reached skill level 5 in Spellcasting
  6587 | D:5      | Noticed a hornet
  6591 | D:5      | Paralysed by a hornet for 3 turns
  6600 | D:5      | HP: 2/47 [hornet (7)]
  6601 | D:5      | Killed a hornet
  6601 | D:5      | Succumbed to a hornet's poison

Illustrated notes

Levels and vault maps discovered:
D:1:      saegor_arrival_simple_d, layout_basic,
          chequers_ecumenical_altar_island
D:2:      layout_basic, minmay_heptomino_o4, uniq_robin
D:3:      layout_basic, nicolae_overflow_hallway_of_the_gods,
          minmay_misc_feat_x, grunt_decor_fettered, uniq_terence, uniq_jessica,
          uniq_ijyb
D:4:      layout_loops_ring, minmay_temple_entry_enclosed_plants,
          portal_sewer_entry_d, minmay_circle_x
D:5:      black_bear_nest_2, layout_loops_ring, hangedman_feature_mirror
Temple:   nicolae_temple_two_arcs

Skill      XL: |  1  2  3  4  5  6  7 |
---------------+----------------------+-----
Maces & Flails | 1 2 3 4 |  4.3
Necromancy     | 5 6 7 |  7.1
Spellcasting   | 3 4 5 |  5.0
Dodging        | |  1.7
Stealth        | |  1.7

Action                   |  1- 3 |  4- 6 |  7- 9 || total
-------------------------+-------+-------+-------++-------
Melee: Whip              |    47 |       |       ||    47
       Unarmed           |     2 |       |       ||     2
       Punch             |     1 |       |       ||     1
       Dire flail        |       |    95 |    71 ||   166
 Cast: Necrotise         |    62 |    92 |    18 ||   172
       Animate Dead      |       |       |     4 ||     4
  Use: Scroll            |       |     1 |     4 ||     5
Armor: Robe              |     2 |       |       ||     2
       Ring mail         |    27 |    53 |       ||    80
       Leather armour    |       |    24 |    31 ||    55
Dodge: Dodged            |    45 |    74 |    38 ||   157
Block: Other             |    13 |    17 |     9 ||    39

Table legend: (Time is in decaauts)
 A = Elapsed time spent in this place.
 B = Non-inter-level travel time spent in this place.
 C = Inter-level travel time spent in this place.
 D = Time resting spent in this place.
 E = Time spent auto-exploring this place.
 F = Levels seen in this place.
 G = Mean time per level.
                   A        B        C        D        E       F      G
               +--------+--------+--------+--------+--------+-----+--------+
         Total |   6642 |   6358 |    284 |    208 |   4968 |   7 |  948.9 |
       Dungeon |   6311 |   6035 |    276 |    208 |   4724 |   5 | 1262.2 |
        Temple |    114 |    107 |      7 |      0 |     88 |   1 |  114.0 |
         Sewer |    216 |    216 |      0 |      0 |    156 |   1 |  216.0 |
               +--------+--------+--------+--------+--------+-----+--------+

Top non-repeatable levels by time:
     D:2: 2009 daAuts
     D:1: 1464 daAuts
     D:4: 1403 daAuts
     D:3: 991 daAuts
     D:5: 442 daAuts
   Sewer: 216 daAuts
  Temple: 114 daAuts
